Cogmind - Beta 17 @@@ ROGUE MODE // 2026.08.18 @ 05:40:49 Player: MrFartsburg Result: Destroyed by Y-45 Defender with Beam Rifle Performance ------------- Evolutions (1) 500 Regions Visited (3) 600 Robots Destroyed (18) 90 Value Destroyed (553) 553 Prototype IDs (4) 80 Alien Tech Used (0) 0 Bonus (0) 0 TOTAL SCORE: 1823 Bonus ------- None Cogmind --------- Core Integrity 0/400 Matter 292/300 Energy 264/265 System Corruption 1% Temperature Cool (9) Movement Core (200) Ox3 Location -9/Materials Parts ------- > --- POWER (2) -------- Improved Ion Engine > --- PROPULSION (2) --- (None) > --- UTILITY (3) ------ (None) > --- WEAPON (2) ------- Heavy Assault Rifle > --- INVENTORY (5) ---- (None) Peak State ------------ > --- POWER ------------ Light Ion Engine Light Nuclear Core > --- PROPULSION ------- Aluminum Leg Aluminum Leg > --- UTILITY ---------- Heat Sink Small Storage Unit Sensor Array > --- WEAPON ----------- Assault Rifle Light Assault Rifle > --- INVENTORY -------- Mining Laser Hammer [Rating: 11] Favorites ----------- Power Light Ion Engine Engine Light Ion Engine Power Core Light Nuclear Core Propulsion Light Treads Treads Light Treads Leg Aluminum Leg Utility Small Storage Unit Device Sensor Array Storage Small Storage Unit Protection Light Armor Plating Weapon Light Assault Rifle Ballistic Gun Light Assault Rifle Special Weapon Mining Laser Impact Weapon Hammer Build | -11 -10 -10 -9 ------- Run | Yrd Mat Min Mat Slots Evolved 2 | . . . 2 Power 1 | . . . 1 Propulsion . | . . . . Utility 1 | . . . 1 Weapon . | . . . . Parts Attached 19 | 6 3 2 8 Power 4 | 1 1 . 2 Engine 3 | 1 1 . 1 Core 1 | . . . 1 Reactor . | . . . . Propulsion 4 | 2 . . 2 Treads 2 | 2 . . . Leg 2 | . . . 2 Wheel . | . . . . Hover . | . . . . Flight . | . . . . Utility 5 | 1 . 2 2 Device 2 | . . 1 1 Storage 1 | 1 . . . Processor . | . . . . Hackware . | . . . . Protection 2 | . . 1 1 Artifact . | . . . . Weapon 6 | 2 2 . 2 Energy Gun . | . . . . Energy Cannon . | . . . . Ballistic Gun 4 | 2 . . 2 Ballistic Cannon . | . . . . Launcher . | . . . . Special Weapon 1 | . 1 . . Impact Weapon 1 | . 1 . . Slashing Weapon . | . . . . Piercing Weapon . | . . . . Special Melee Weapon . | . . . . Unidentified Prototypes . | . . . . Parts Lost 16 | . . 4 12 Power 2 | . . . 2 Propulsion 4 | . . 2 2 Utility 5 | . . 1 4 Weapon 5 | . . 1 4 Highest Loss Streak 8 | . . 4 8 To Critical Strikes . | . . . . Average Backups 4 | 1 6 8 1 Power . | . 1 1 . Propulsion 1 | 1 2 2 . Utility . | . . 2 . Weapon 2 | . 2 3 1 Tool/Special . | . . . . Unused Backups 1 | . 1 . . Power 1 | . 1 . . Propulsion . | . . . . Utility . | . . . . Weapon . | . . . . Tool/Special . | . . . . Average Slot Usage (%) 80 | . 83 96 64 Engine 10 | . 12 14 6 Core 1 | . . . 6 Treads 18 | . 28 26 . Leg 4 | . . . 12 Device 4 | . . . 12 Storage 12 | . 14 14 10 Protection 2 | . . 11 . Ballistic Gun 22 | . 27 28 12 Impact Weapon 1 | . . . 2 Peak Build Rating 11 | 6 7 8 11 Average Rating 6 | 4 6 7 7 On Entrance 4 | . 6 7 4 Avg Prop Armor Cover (%) . | . . . . Naked Turns . | . . . . Heaviest Build 18 | 10 11 13 18 Greatest Support 40 | 40 40 40 20 Greatest Overweight (x) 5 | . . 4 5 Average Overweight (x) . | . . . . Largest Inventory Capacity 8 | 8 8 8 8 Average Capacity 7 | 6 8 8 7 Most Carried 8 | 4 8 8 7 Average Carried 4 | 2 6 8 1 Final Capacity 8 | 8 8 8 5 Final Carried 8 | 4 8 8 . Class Distribution -------------------- 100% | Mutant Dominant Class ---------------- Mutant | -10/Materials Mutant | -10/Mines Mutant | -9/Materials Resources | -11 -10 -10 -9 ----------- Run | Yrd Mat Min Mat Matter Collected 547 | 214 148 . 185 Remotely . | . . . . Salvage Created 601 | . 283 . 318 Parts 37 | . 18 . 19 Haulers Intercepted . | . . . . Recyclers Shooed 1 | . 1 . . Parts Field Recycled . | . . . . Retrieved Matter . | . . . . Parts Self-Destructed . | . . . . Prevented . | . . . . Parts Restored . | . . . . Kills | -11 -10 -10 -9 ------- Run | Yrd Mat Min Mat Combat Hostiles Destroyed 18 | . 9 . 9 Melee 2 | . . . 2 Guns 12 | . 8 . 4 Classes Destroyed 3 | . 2 . 1 Swarmer 5 | . 3 . 2 Grunt 11 | . 6 . 5 Sentry 2 | . . . 2 Best Kill Streak 3 | . 3 . 3 Combat Bots Only 3 | . 3 . 3 Max Kills in Single Turn 1 | . 1 . 1 Gunslinging . | . . . . Exploded . | . . . . Melee 1 | . . . 1 Uniques/NPCs Destroyed . | . . . . Combat | -11 -10 -10 -9 -------- Run | Yrd Mat Min Mat Hostile Shots Fired 189 | . 41 15 133 Missed 38 | . 9 5 24 Hits 151 | . 32 10 109 Projectile 151 | . 32 10 109 AOE 11 | . . 11 . Critical Strikes 2 | . 1 . 1 Damage Taken 1966 | . 378 373 1215 Core 520 | . 79 40 401 Absorbed by Shields . | . . . . Core Remaining (%) 76 | 100 . 52 . Volleys Fired 57 | . 26 . 31 Largest 2 | . 2 . 2 Hottest 100 | . 40 . 100 Shots Fired 90 | . 52 . 38 Gun 89 | . 52 . 37 Cannon . | . . . . Launcher . | . . . . Special 1 | . . . 1 Kinetic 89 | . 52 . 37 Thermal 1 | . . . 1 Explosive . | . . . . Electromagnetic . | . . . . Robot Hit Streak 9 | . 9 . 6 Robot Miss Streak 4 | . 4 . 2 Penetration Max . | . . . . Secondary Targets 4 | . 3 . 1 Max Gunslinging Chain 1 | . 1 . 1 Shots Hit Robots 76 | . 37 . 39 Core Hits 28 | . 18 . 10 Critical Kills . | . . . . Critical Parts Destroyed 6 | . 1 . 5 Critical Strikes 6 | . 1 . 5 Smash 6 | . 1 . 5 Melee Attacks 23 | . 2 . 21 Impact 23 | . 2 . 21 Slashing . | . . . . Piercing . | . . . . Sneak Attacks . | . . . . Combat Hostiles . | . . . . Follow-up Attacks . | . . . . Damage Inflicted 1022 | . 337 . 685 Guns 569 | . 298 . 271 Cannons . | . . . . Explosions . | . . . . Melee 417 | . 38 . 379 Ramming 12 | . 1 . 11 Kinetic 569 | . 298 . 271 Thermal 24 | . . . 24 Explosive . | . . . . Electromagnetic . | . . . . Impact 417 | . 38 . 379 Slashing . | . . . . Piercing . | . . . . Highest Corruption 1 | . . . 1 Average Corruption 1 | . . . 1 Corruption Purged . | . . . . Corruption Blocked . | . . . . Effects 1 | . . . 1 Matter Fused 1 | . . . 1 Overload Shots . | . . . . Overflow Damage 137 | . 15 . 122 Projectiles . | . . . . Explosions . | . . . . Melee 137 | . 15 . 122 Knockbacks 2 | . . . 2 Impact 2 | . . . 2 Kinetic . | . . . . Secondary . | . . . . Self-Inflicted Damage 4 | . . . 4 Shots . | . . . . Rammed 6 | . 1 . 5 Targets Rammed 6 | . 1 . 5 Kicked . | . . . . Crushed . | . . . . Highest Temperature 54 | . 54 . 3 Average Temperature 20 | . 21 . 1 Received Heat Transfer 615 | . 198 18 399 Siege Activations . | . . . . Martial Activations . | . . . . Shielding Activations . | . . . . Robots Disrupted . | . . . . Combat Hostiles . | . . . . Robots Corrupted 4 | . 1 . 3 Combat Hostiles 4 | . 1 . 3 Parts Fried 2 | . . . 2 Impact Corruptions 8 | . 1 . 7 Robots Melted . | . . . . Combat Hostiles . | . . . . Parts Melted . | . . . . Heat Transferred 50 | . . . 50 Parts Sabotaged . | . . . . Parts Stolen . | . . . . Parts Stripped . | . . . . Power Chain Reactions . | . . . . Alert | -11 -10 -10 -9 ------- Run | Yrd Mat Min Mat Maximum Alert Level 1 | . . . 1 Low Security (%) 99 | 100 100 100 98 Level 1 . | . . . 1 Level 2 . | . . . . Level 3 . | . . . . Level 4 . | . . . . Level 5 . | . . . . High Security . | . . . . Max Security . | . . . . Peak Influence 205 | . 94 33 205 Initial 33 | . . 33 . Average 38 | . 36 6 77 Influence Increases 614 | . 219 . 395 Destroy 0b10 Robot/C 360 | . 180 . 180 Destroy Leader 80 | . 30 . 50 Successful Hack 9 | . 9 . . Lose Combat Pursuer 165 | . . . 165 Influence Decreases 419 | . 133 86 200 Entered New Map 53 | . . 53 . Time Decay 256 | . 133 33 90 Lost Part 110 | . . . 110 Squads Dispatched 1 | . . . 1 Investigation . | . . . . Extermination . | . . . . Reinforcement 1 | . . . 1 Assault . | . . . . Garrison . | . . . . Intercept . | . . . . Searches Triggered . | . . . . Construction Impeded . | . . . . Haulers Reinforced . | . . . . Active Scanning Responses . | . . . . Cargo Convoy Interrupts . | . . . . Stealth | -11 -10 -10 -9 --------- Run | Yrd Mat Min Mat Distress Signals 2 | . . . 2 Communications Jammed . | . . . . Distress Signals . | . . . . Times Spotted 41 | . 14 4 23 Peak Tracking Total 8 | . 6 3 8 Tactical Retreats 7 | . . . 7 Traps | -11 -10 -10 -9 ------- Run | Yrd Mat Min Mat Traps Triggered . | . . . . Indirectly . | . . . . Trap Hack Attempts . | . . . . Triggered . | . . . . Disarmed . | . . . . Reprogrammed 6 | . 6 . . Reused . | . . . . Traps Extracted . | . . . . Installed . | . . . . Triggered . | . . . . Machines | -11 -10 -10 -9 ---------- Run | Yrd Mat Min Mat Machines Disabled . | . . . . Max in Single Turn . | . . . . Machines Repaired . | . . . . Machines Dismantled . | . . . . Machines Sabotaged . | . . . . Overloaded Fab Kills . | . . . . Hacking | -11 -10 -10 -9 --------- Run | Yrd Mat Min Mat Machines Accessed 3 | . 2 . 1 Terminals 2 | . 2 . . Fabricators . | . . . . Repair Stations . | . . . . Recycling Units . | . . . . Scanalyzers 1 | . . . 1 Garrison Access . | . . . . Total Hacks 12 | . 8 . 4 Successful 10 | . 7 . 3 Failed 2 | . 1 . 1 Catastrophic . | . . . . Database Lockouts . | . . . . Manual . | . . . . Terminals 8 | . 8 . . Fabricators . | . . . . Repair Stations . | . . . . Recycling Units . | . . . . Scanalyzers 4 | . . . 4 Garrison Access . | . . . . Terminal Hacks 7 | . 7 . . Prototype ID Bank 2 | . 2 . . Alert Level 1 | . 1 . . Locate Traps 2 | . 2 . . Reprogram Traps 1 | . 1 . . Zone Layout 1 | . 1 . . Fabricator Hacks . | . . . . Repair Station Hacks . | . . . . Recycling Unit Hacks . | . . . . Scanalyzer 3 | . . . 3 Retrieve Study 3 | . . . 3 Garrison Access Hacks . | . . . . Unauthorized Hacks . | . . . . Terminals . | . . . . Fabricators . | . . . . Repair Stations . | . . . . Recycling Units . | . . . . Scanalyzers . | . . . . Garrison Access . | . . . . Data Cores Recovered . | . . . . Used . | . . . . Hacking Detections 1 | . 1 . . Full Trace Events 1 | . 1 . . Feedback Events . | . . . . Feedback Blocked . | . . . . Robot Schematics Acquired . | . . . . Robots Built . | . . . . Authchips . | . . . . Time . | . . . . Total Robot Build Rating . | . . . . Part Schematics Acquired . | . . . . Parts Built . | . . . . Authchips . | . . . . Time . | . . . . Total Part Build Rating . | . . . . Part Studies Acquired 2 | . . . 2 Parts Repaired . | . . . . Time . | . . . . Parts Recycled . | . . . . Recycled Matter . | . . . . Retrieved Matter . | . . . . Retrieved Components . | . . . . Parts Scanalyzed . | . . . . Part Schematics Acquired . | . . . . Parts Damaged . | . . . . Bothacking | -11 -10 -10 -9 ------------ Run | Yrd Mat Min Mat Used RIF Installer . | . . . . Robots Hacked . | . . . . Non-combat . | . . . . Combat . | . . . . Robot Hacks Applied . | . . . . Relay Couplers Released . | . . . . Fabnet Peak Effective % . | . . . . Robots Rewired . | . . . . Allies Hacked . | . . . . Hacks Repelled . | . . . . Allies | -11 -10 -10 -9 -------- Run | Yrd Mat Min Mat Total Allies . | . . . . Largest Group . | . . . . Highest-Rated Group . | . . . . Highest-Rated Ally . | . . . . Total Orders . | . . . . Ally Attacks . | . . . . Total Damage . | . . . . Kills . | . . . . Allies Corrupted . | . . . . Allies Melted . | . . . . Intel | -11 -10 -10 -9 ------- Run | Yrd Mat Min Mat Active Infowar (turns) 191 | . . . 191 Sensors 191 | . . . 191 Robot Analysis Total . | . . . . Derelict Logs Recovered . | . . . . Drone Launches . | . . . . Drone Recoveries . | . . . . Exploration | -11 -10 -10 -9 ------------- Run | Yrd Mat Min Mat Turns Passed 1033 | 97 419 220 297 Spaces Moved 493 | 54 203 135 101 Core 32 | 2 . 5 25 Treads 385 | 52 203 130 . Legs 76 | . . . 76 Wheels . | . . . . Hover . | . . . . Flight . | . . . . Fastest Speed 50 | 50 160 150 100 Average Speed 152 | 155 160 161 123 Slowest Speed 300 | 160 160 250 300 Overloaded Moves . | . . . . Propulsion Burnouts . | . . . . Robots Hopped . | . . . . Potential Cave-ins . | . . . . Cave-ins Triggered . | . . . . Exploration Rate (%) 23 | 4 45 33 12 Regions Visited 3 Branch Regions 1 Pre-discovered Areas . | . . . . Known Exits Taken . | . . . . Unknown Exits Taken 3 | 1 1 1 . Scrap Searched . | . . . . Spaces Dug . | . . . . Terrain Destroyed . | . . . . Melee . | . . . . Projectile . | . . . . AOE . | . . . . Terrain Rammed . | . . . . Walls Destroyed . | . . . . Machines Disabled . | . . . . Actions | -11 -10 -10 -9 --------- Run | Yrd Mat Min Mat Total 647 | 64 250 137 196 Wait 33 | . 7 1 25 Move 490 | 53 202 134 101 Hop . | . . . . Pick Up 10 | 5 5 . . Fast Attach 10 | 5 1 1 3 Attach 9 | 1 . . 8 Detach . | . . . . Swap 7 | . 4 1 2 Drop 2 | . 2 . . Fire 57 | . 26 . 31 Melee 23 | . 2 . 21 Ram 5 | . . . 5 Kick . | . . . . Crush 1 | . 1 . . Escape Stasis . | . . . . Rewire . | . . . . Trap . | . . . . Miscellaneous . | . . . . Route ------- -11/Scrapyard -10/Materials (discovered 2 exits: Mat / [*Min]) -10/Mines (discovered 2 exits: *Mat / [*Sub]) -9/Materials History --------- Turn | Location | Event 2 | -11/Scrapyard | Met Revision 17 20 | -11/Scrapyard | Discovered new exit (range 15) 98 | -11/Scrapyard | Entered Materials 123 | -10/Materials | Discovered new exit (range 17) 308 | -10/Materials | Build established: Mutant 494 | -10/Materials | Discovered new exit (range 15) 517 | -10/Materials | Entered Mines 535 | -10/Mines | Joined a pair of Derelicts in attacking an 0b10 outpost 725 | -10/Mines | Discovered new exit (range 9) 727 | -10/Mines | Discovered new exit (range 8) 737 | -10/Mines | Entered Materials 737 | -9/Materials | Evolved 2 slots: Power x1, Utility x1 766 | -9/Materials | Lost 4 parts (2n1u1w) 942 | -9/Materials | Core integrity fell below 50% 969 | -9/Materials | Lost 8 parts (1p2n2u3w) 984 | -9/Materials | Core integrity fell below 20% 1034 | -9/Materials | Destroyed by Y-45 Defender with Beam Rifle Last Messages --------------- R-06 Scavenger collects Heat Sink. G-34 Mercenary misfires. G-34 Mercenary IFF system glitched. R-06 Scavenger collects Heat Sink. System corrupted: Matter fused (-6). R-06 Scavenger collects Beam Rifle. G-34 Mercenary destroyed. K-01 Serf collects debris. Acquired 33 matter. K-01 Serf collects debris. Acquired 23 matter. R-06 Scavenger collects Corrupted Aluminum Leg+. Acquired 3 matter. Slammed into S-10 Pest. Sml. Storage Unit destroyed. S-10 Pest destroyed. K-01 Serf collects debris. Acquired 2 matter. R-06 Scavenger collects Lgt. Ion Engine. K-01 Serf collects debris. Map ----- +----------------------------------------------------+ | ???????????????????????????????????????????????? | | ???????????????????????????????????????????????? | | ???????????????????????????????????????????????? | | ???????????????????????????????????????????????? | | ???????????????????????????????????????????????? | | ???????????????????????????????????????????????? | | ???????????????????????????????????????????????? | | ???????????????????????????????????????????????? | | ???????????????????????????????????????????????? | | ???????????????????????????????????????????????? | | ???????????????????????????????????????????????? | | ???????????????????????????????????????????????? | | ???????????????????????????????????????????????? | | ???????????????????????????????????????????????? | | ???????????????????????????????????????????????? | | ???????????????????????????????????????????????? | | ????????????????????? ?????????????????????????? | | ????????????????????? ????????????????????????? | | ????????????????????? ????????????????????????? | | ????????????????????? ????????????????????????? | | ????????????????????? ????????????????????????? | | ????????????????????? ????????????????????????? | | ?????????????????????#+????????????????????????? | | ?????????????????????# #???????????????????????? | | ?????????? ####### ###?????????????????????? | | ?????????# @ ###########???????????? | | ?????????# !Y + #???????????? | | ?????????# ! # #???????????? | | ?????????# ####### # #???????????? | | ?????????###?????????# # #???????????? | | ?????????????????????# k# #???????????? | | ?????????????????????# %+ #???????????? | | ?????????????????????# # #???????????? | | ?????????????????????###%# #???????????? | | ???????????????????????#%######+####???????????? | | ???????????????????????#r#????# #??????????????? | | ???????????????????????#r#????# #??????????????? | | ???????????????????????#/###### #??????????????? | | ???????????????????????#% # #??????????????? | | ???????????????????????# """ # ###????????????? | | ???????????????????????# """ # #????????????? | | ???????????????????????#%""" # #????????????? | | ????????################ % + #????????????? | | ????????# #% # #????????????? | | ????????# ######## ####+????????? | | ????????# ?? | | ??????############## ?? | | ??????# # """ ?? | | ??????# """ "" # """ ####+#######?? | | ??????# """ """ + """ #????????????? | +----------------------------------------------------+ Best States ------------- Heat Dissipation 38 Energy Generation 19 Energy Capacity 265 Matter Stores 300 Matter Capacity 300 Sight Range 16 Robot Scan Range 14 Terrain Scan Density 10 Armor Coverage 150 Evasion (%) 55 Recoil Reduction 2 Item Schematics ----------------- None Robot Schematics ------------------ None Fabricated ------------ Nothing Repaired ---------- Nothing Studied --------- Aluminum Leg | -9/Materials | Hacked Mining Laser | -9/Materials | Hacked Alien Tech Used ----------------- None Achievements -------------- None Challenges ------------ None Game ------ Seed LayeredSixTendrils Manual? 0 Play Time 00:17:21 Cumulative 32.2 hours Start 2026.08.18 @ 05:24:15 End 2026.08.18 @ 05:40:49 Sessions 1 Manual Loads 0 Difficulty Rogue Special Mode None Game No. 62 Rogue 62 Adventurer 0 Explorer 0 Win Type - Total 0 Types 0/0/0/0/0/0/0/0/0/0 Lore% 13 Gallery% 23 Achievement% 15 Wizard Run 0 Options --------- Layout 1 ASCII 0 Keyboard 0 Movement Numpad Keybinds 0 Fullscreen 1 Font 32/SmallcapsGlow Map View 50x35 Zoom Use 0% Tactical HUD 0 Map Filters NONE Filters NONE Steam 1 RUN: 83b16ccc-78d3-4a22-a592-4eb056e30998